[Event "36th European Club Cup 2021"]
[Site "Struga"]
[Date "2021.09.19"]
[Round "2.44"]
[White "Dudin, Gleb"]
[Black "Urkedal, Frode Olav Olsen"]
[Result "1-0"]
[ECO "A13"]
[WhiteElo "2434"]
[BlackElo "2568"]
[Annotator "ChessBase"]
[PlyCount "95"]
[EventDate "2021.09.18"]
[EventType "team-tourn"]
[EventCountry "MKD"]
[SourceTitle "playchess.com"]
[Source "ChessBase"]
[SourceQuality "1"]
[TimeControl "40/5400+30:1800+30"]

1. c4 Nf6 2. Nf3 e6 3. g3 d5 4. Bg2 dxc4 5. Qa4+ Bd7 6.
Qxc4 c5 7. Ne5 Qc8 8. Qd3 Nc6 9. Nxd7 Nxd7 10. O-O Be7 11. Nc3 O-O 12. Qc2 Rd8 13. d3 Nd4 14. Qd1 Nf6 15. Bd2 Qd7 16. Rc1 Rac8 17. Ne4 b6 18. Bc3 Nxe4 19. Bxe4 Bg5 20. e3 Nb5 21. Qh5 h6 22. h4 Nxc3 23. bxc3 Be7 24. d4 b5 25. Rfd1 Qe8 26. Qf3 a5 27. h5 Bf6 28. Rc2 Rc7 29. Rb1 Rdc8 30. Rcb2 b4 31. cxb4 cxb4 32. Kg2 Rc3 33. Rd2 Rd8 34. d5 exd5 35. Bxd5 Rcc8 36. Rbd1 a4 37. Qf5 Rb8 38. e4 b3 39. axb3 axb3 40. e5 Bg5 41. f4 Be7 42. Be4 Kf8 43.
Rd7 Rxd7 44. Rxd7 Ra8 45. e6 Ra2+ 46. Kh3 f6 47. g4 g6 48.
hxg6 1-0

[Event "36th European Club Cup 2021"]
[Site "Struga"]
[Date "2021.09.19"]
[Round "2.45"]
[White "Haldorsen, Benjamin"]
[Black "Boskovic, Drasko"]
[Result "0-1"]
[ECO "B45"]
[WhiteElo "2465"]
[BlackElo "2457"]
[Annotator "ChessBase"]
[PlyCount "102"]
[EventDate "2021.09.18"]
[EventType "team-tourn"]
[EventCountry "MKD"]
[SourceTitle "playchess.com"]
[Source "ChessBase"]
[SourceQuality "1"]
[TimeControl "40/5400+30:1800+30"]

1. e4 c5 2. Nf3 e6 3. d4 cxd4 4. Nxd4 Nf6 5. Nc3 Nc6 6. Nxc6 bxc6 7. e5 Nd5 8. Ne4 Bb7 9. Bd3 Qc7 10. f4 Qb6 11. a3 Be7 12. c4 f5 13.
Nf2 Nc7 14. O-O c5 15. Qe2 O-O 16. Be3 Qc6 17. Nh3 d5 18. Rac1 a5 19. Ng5 d4 20. Bd2 a4 21. Rb1 Rab8 22. Nf3 Na8 23. Rfc1 Ba6 24. Ba5 Nb6 25. Qd1 Rb7 26. Nd2 g5 27. Bc2 Nxc4 28. Bxa4 Qd5 29. Nxc4 Bxc4 30. b3 Ba6 31. Bd2 gxf4 32. Bxf4 Bd8 33. Qf3 Qxf3 34. gxf3 Rg7+ 35. Kf2 Bh4+ 36. Bg3 Bg5 37. f4 Be7 38. b4 h5 39. bxc5 h4 40. Rb6 hxg3+ 41. hxg3 Bc8 42. Bb3 Kf7 43. c6 Rfg8 44. Rh1 Bc5 45. Rb5 Rxg3 46. Rh7+ Kg6 47. Rc7 Rc3 48. Rb8 d3+ 49. Kf3 d2+ 50. Ke2 Ba6+ 51. Kxd2 Rd3+ 0-1

[Event "36th European Club Cup 2021"]
[Site "Struga"]
[Date "2021.09.19"]
[Round "2.46"]
[White "Tadic, Stefan"]
[Black "Ranaldi, Lucas"]
[Result "1/2-1/2"]
[ECO "C49"]
[WhiteElo "2339"]
[BlackElo "2325"]
[Annotator "NA"]
[PlyCount "117"]
[EventDate "2021.09.18"]
[EventType "team-tourn"]
[EventCountry "MKD"]
[SourceTitle "playchess.com"]
[Source "ChessBase"]
[SourceQuality "1"]
[TimeControl "40/5400+30:1800+30"]

1. e4 e5 2. Nf3 Nc6 3. Nc3 Nf6 4. Bb5 Bb4 5. O-O O-O 6.
Bxc6 dxc6 7. d3 Nd7 8. Ne2 Re8 9. Bg5 f6 10. Be3 Nf8 11.
Nh4 g6 12. c3 Bd6 13. g3 Bh3 14. Ng2 Kg7 15. f4 Qe7 16. Qe1 Bc5 17. Qf2 Bxe3 18. Qxe3 c5 19. Rf2 Bxg2 20. Kxg2 exf4 21. Nxf4 c6 22. Re1 Rad8 23. h4 Qe5 24. h5 b6 25. Rh1 Qg5 26. Qf3 Ne6 27. Rh4 Nxf4+ 28. Rxf4 Re6 29. hxg6 hxg6 30. Rg4 Qh5 31. Qf5 Qxf5 32. exf5 Re3 33. Rxg6+ Kf7 34. Rf3 Rxf3 35. Kxf3 Rxd3+ 36. Ke2 Rd8 37. Rh6 Kg7 38. Rg6+ Kf7 39. Rh6 Kg7 40. Rh2 c4 41. Ke3 b5 42. g4 Rd3+ 43. Kf4 Rd1 44. Rg2 Rf1+ 45. Kg3 a5 46. Rd2 Rb1 47. Rd7+ Kf8 48. Rd6 Ke7 49. Re6+ Kf7 50. Rxc6 Rxb2 51. Rc7+ Kf8 52. g5 fxg5 53. Kg4 Rxa2 54. Kh5 b4 55. cxb4 axb4 56. Rxc4 Kf7 57. Kxg5 Rg2+ 58. Kf4 b3 59. Rb4 1/2-1/2

[Event "36th European Club Cup 2021"]
[Site "Struga"]
[Date "2021.09.19"]
[Round "2.47"]
[White "Hagen, Anders Gjerdrum"]
[Black "Gotovusa, Goran"]
[Result "0-1"]
[ECO "D36"]
[WhiteElo "2179"]
[BlackElo "2161"]
[Annotator "NA"]
[PlyCount "56"]
[EventDate "2021.09.18"]
[EventType "team-tourn"]
[EventCountry "MKD"]
[SourceTitle "playchess.com"]
[Source "ChessBase"]
[SourceQuality "1"]
[TimeControl "40/5400+30:1800+30"]

1. d4 Nf6 2. c4 e6 3. Nc3 d5 4. cxd5 exd5 5. Bg5 c6 6. e3 h6 7. Bh4 Be7 8. Bd3 O-O 9. Qc2 Re8 10. Nf3 Nbd7 11. O-O Ne4 12. Bxe7 Qxe7 13. Bxe4 dxe4 14. Nd2 Nf6 15. Rab1 Nd5 16. Nxd5 cxd5 17. Qb3 Be6 18. Rbc1 Rec8 19. Nb1 Qg5 20. Kh1 Bg4 21. Rxc8+ Rxc8 22. Nc3 b6 23. Qa4 Rc7 24. Qe8+ Kh7 25. Nb5 Bf3 26. gxf3 exf3 27. Rg1 Qxg1+ 28. Kxg1 Rc1# 0-1

[Event "36th European Club Cup 2021"]
[Site "Struga"]
[Date "2021.09.19"]
[Round "2.48"]
[White "Gjorgjieski, Dejan"]
[Black "Haarr, Jon Kristian"]
[Result "0-1"]
[ECO "A06"]
[WhiteElo "2125"]
[BlackElo "2162"]
[Annotator "NA"]
[PlyCount "56"]
[EventDate "2021.09.18"]
[EventType "team-tourn"]
[EventCountry "MKD"]
[SourceTitle "playchess.com"]
[Source "ChessBase"]
[SourceQuality "1"]
[TimeControl "40/5400+30:1800+30"]

1. Nf3 c5 2. b3 d5 3. e3 Nc6 4. Bb2 Nf6 5. d4 Bg4 6. Be2 e6 7. O-O Be7 8.
Nbd2 O-O 9. Ne5 Bxe2 10. Qxe2 Rc8 11. c4 cxd4 12. Nxc6 Rxc6 13. Bxd4 Qa5 14. a3 Qc7 15. cxd5 Nxd5 16. Nc4 Bf6 17. Bxf6 Nxf6 18. a4 Ne4 19. Qb2 Rc8 20. Rad1 Rc5 21. Rd4 Nf6 22. Rfd1 h6 23. h3 Rd5 24. Rxd5 exd5 25. Ne5 Ne4 26. Rxd5 Nc3 27. Rd7 Qxe5 28. Rxb7 Ne2+ 0-1

[Event "36th European Club Cup 2021"]
[Site "Struga"]
[Date "2021.09.19"]
[Round "2.50"]
[White "Asadli, Vugar"]
[Black "Korsunsky, Yuri"]
[Result "1-0"]
[ECO "A12"]
[WhiteElo "2578"]
[BlackElo "2395"]
[Annotator "ChessBase"]
[PlyCount "135"]
[EventDate "2021.09.18"]
[EventType "team-tourn"]
[EventCountry "MKD"]
[SourceTitle "playchess.com"]
[Source "ChessBase"]
[SourceQuality "1"]
[TimeControl "40/5400+30:1800+30"]

1. c4 Nf6 2. g3 c6 3. Nf3 d5 4. b3 Bf5 5. Bb2 e6 6. Bg2 Be7 7. d3 h6 8. O-O O-O 9. Nbd2 a5 10. a3 Nbd7 11. Qc2 Bh7 12. Rfc1 Re8 13. Ne5 Nxe5 14. Bxe5 Ng4 15. Bb2 Bc5 16. e3 Bd6 17. Nf3 e5 18. Qe2 Nf6 19. cxd5 cxd5 20. Bh3 Qb6 21. Qd1 d4 22. e4 a4 23. Nd2 Qa6 24. bxa4 Qxa4 25. Nc4 Qxd1+ 26. Rxd1 Bc7 27. a4 g5 28. Rdb1 g4 29. Bf1 b6 30. Bc1 Re6 31. h3 h5 32. hxg4 hxg4 33. Be2 Kg7 34. Bg5 Nxe4 35. dxe4 Bxe4 36. Re1 Bd5 37. Nd2 f6 38. Bxg4 fxg5 39. Bxe6 Bxe6 40. Rac1 Ra7 41. Nf3 Kf6 42. Rc6 d3 43. Nd4 exd4 44. Rcxe6+ Kf5 45. Re7 Bb8 46. Rxa7 Bxa7 47. f3 g4 48. fxg4+ Kxg4 49. Kg2 d2 50. Rh1 d3 51. Rd1 Bb8 52. Rxd2 Bxg3 53. Rxd3 Be5 54. Rb3 Bc7 55. Rc3 Bd8 56. Rc8 Be7 57. Rc6 Bd8 58. Rd6 Bc7 59. Rf6 Bd8 60. Rf7 Bg5 61. Kf1 Kh5 62. Ke2 Kg6 63. Rb7 Bd8 64. Rd7 Bh4 65. Rd6+ Kf7 66. Rxb6 Ke7 67. a5 Kd7 68. a6 1-0

[Event "36th European Club Cup 2021"]
[Site "Struga"]
[Date "2021.09.19"]
[Round "2.51"]
[White "Gluhovsky, Mark"]
[Black "Suleymanli, Aydin"]
[Result "0-1"]
[ECO "B10"]
[WhiteElo "2275"]
[BlackElo "2536"]
[Annotator "ChessBase"]
[PlyCount "76"]
[EventDate "2021.09.18"]
[EventType "team-tourn"]
[EventCountry "MKD"]
[SourceTitle "playchess.com"]
[Source "ChessBase"]
[SourceQuality "1"]
[TimeControl "40/5400+30:1800+30"]

1. e4 c6 2. Nf3 d5 3. d3 dxe4 4. dxe4 Qxd1+ 5. Kxd1 Nd7 6. Ne1 g6 7. Nd3 Bg7 8. Nd2 b6 9. c3 a5 10. a4 Ba6 11. Kc2 e5 12. b3 Kd8 13.
Nb2 Bxf1 14. Rxf1 Kc7 15. Nd3 Bh6 16. f4 exf4 17. Nc4 Re8 18.
Bxf4+ Bxf4 19. Rxf4 f6 20. Re1 Nh6 21. b4 axb4 22. cxb4 Re6 23. a5 bxa5 24. bxa5 Nf7 25. Kc3 Rhe8 26. a6 Ra8 27. Ra1 g5 28.
Rf2 Rxe4 29. Rb2 Ra7 30. Nd2 Re8 31. Nb3 Nd6 32. Nbc5 Nxc5 33. Nxc5 Re5 34. Nd3 Rd5 35. Nb4 Nb5+ 36. Kc4 Re5 37. Nd3 Re4+ 38. Kc5 Nd4 0-1

[Event "36th European Club Cup 2021"]
[Site "Struga"]
[Date "2021.09.19"]
[Round "2.52"]
[White "Sadikhov, Ulvi"]
[Black "Slavin, Gennadie"]
[Result "1-0"]
[ECO "A24"]
[WhiteElo "2509"]
[BlackElo "2264"]
[Annotator "ChessBase"]
[PlyCount "97"]
[EventDate "2021.09.18"]
[EventType "team-tourn"]
[EventCountry "MKD"]
[SourceTitle "playchess.com"]
[Source "ChessBase"]
[SourceQuality "1"]
[TimeControl "40/5400+30:1800+30"]

1. c4 Nf6 2. Nc3 d6 3. g3 g6 4. Bg2 Bg7 5. d3 O-O 6. e4 e5 7. Nge2 c6 8. O-O Be6 9. h3 Ne8 10. b3 f5 11. d4 Nf6 12. exf5 Bxf5 13.
g4 Bc8 14. dxe5 dxe5 15. Ba3 Re8 16. Ng3 Qxd1 17. Raxd1 Bf8 18. Bb2 Nbd7 19. Nce4 Nxe4 20. Nxe4 Be7 21. Nd6 Bxd6 22. Rxd6 Kf7 23. Rfd1 Nf8 24. Re1 Nd7 25. g5 a5 26. h4 a4 27. Bh3 Nb6 28. Bxc8 Nxc8 29. Rf6+ Kg8 30. Rxe5 Rxe5 31. Bxe5 axb3 32. axb3 Ra3 33. Rf3 Ne7 34. Bf6 Nf5 35. h5 Kf7 36. h6 Ke6 37. Rd3 Nxh6 38. Re3+ Kf5 39. Re5+ Kf4 40. gxh6 Rxb3 41. Kg2 b5 42. cxb5 Rxb5 43. Re7 Kf5 44. Bd4 Rd5 45. Be3 g5 46. Rxh7 Kg6 47. Rc7 Kxh6 48. Rxc6+ Kh5 49. Rc5 1-0

[Event "36th European Club Cup 2021"]
[Site "Struga"]
[Date "2021.09.19"]
[Round "2.53"]
[White "Kurochkin, Victor"]
[Black "Ahmadzada, Ahmad"]
[Result "0-1"]
[ECO "B40"]
[WhiteElo "2407"]
[BlackElo "2462"]
[Annotator "ChessBase"]
[PlyCount "98"]
[EventDate "2021.09.18"]
[EventType "team-tourn"]
[EventCountry "MKD"]
[SourceTitle "playchess.com"]
[Source "ChessBase"]
[SourceQuality "1"]
[TimeControl "40/5400+30:1800+30"]

1. e4 c5 2. Nf3 e6 3. d4 cxd4 4. Nxd4 Nf6 5. Bd3 Nc6 6. Nxc6 dxc6 7. O-O e5 8. Qf3 Bc5 9. Nd2 Qe7 10. Nb3 Bb6 11. Be3 O-O 12. a4 Bxe3 13.
Qxe3 Be6 14. Qc5 Qc7 15. Nd2 Rad8 16. Nf3 Nd7 17. Qc3 f6 18. Bc4 Nc5 19. Rfd1 Qf7 20. Bxe6 Nxe6 21. Qc4 g5 22. Kf1 h5 23. c3 Rd7 24. g3 Rfd8 25. Ke1 g4 26. Rxd7 Rxd7 27. Nd2 Rd6 28.
Nf1 Ng5 29. Qxf7+ Kxf7 30. Nd2 Ke6 31. Ke2 f5 32. exf5+ Kxf5 33. Nc4 Rd7 34. Rd1 Rxd1 35. Kxd1 b6 36. Ke2 Nf3 37. b4 Ke6 38.
Ke3 Kd5 39. Nb2 b5 40. axb5 cxb5 41. Kd3 Nxh2 42. c4+ bxc4+ 43.
Nxc4 e4+ 44. Kc3 Nf1 45. Nb2 e3 46. Kd3 exf2 47. Ke2 Nxg3+ 48. Kxf2 h4 49. Nd1 Ne4+ 0-1

[Event "36th European Club Cup 2021"]
[Site "Struga"]
[Date "2021.09.19"]
[Round "2.54"]
[White "Ibrahimli, Murad"]
[Black "Pleshkov, Mikhail"]
[Result "1-0"]
[ECO "A61"]
[WhiteElo "2436"]
[BlackElo "1984"]
[Annotator "NA"]
[PlyCount "76"]
[EventDate "2021.09.18"]
[EventType "team-tourn"]
[EventCountry "MKD"]
[SourceTitle "playchess.com"]
[Source "ChessBase"]
[SourceQuality "1"]
[TimeControl "40/5400+30:1800+30"]

1. d4 Nf6 2. c4 e6 3. Nc3 c5 4. d5 exd5 5. cxd5 d6 6. Nf3 g6 7. Bg5 Bg7 8. e3 O-O 9. Nd2 a6 10. a4 Qc7 11. Nc4 Re8 12. Qf3 Nfd7 13. Ne4 Rxe4 14. Qxe4 Ne5 15. Qc2 Nbd7 16. Nd2 Nf6 17. Bxf6 Bxf6 18. Be2 Bf5 19. e4 Bd7 20. f4 Ng4 21. Bxg4 Bxg4 22. O-O Re8 23. Rae1 b5 24. axb5 axb5 25. h3 Bd7 26. e5 dxe5 27. Ne4 Bg7 28. Qxc5 Qb8 29. fxe5 Rxe5 30. Qf2 Bf5 31. d6 Qf8 32. Qb6 Rd5 33. Qc6 Bd4+ 34. Kh1 Bxe4 35. Rxe4 Rxd6 36. Qxb5 Rd8 37. Rfe1 Kg7 38.
Rxd4 Kg8 1-0

[Event "36th European Club Cup 2021"]
[Site "Struga"]
[Date "2021.09.19"]
[Round "2.55"]
[White "Smith, Axel"]
[Black "Cornette, Matthieu"]
[Result "0-1"]
[ECO "E46"]
[WhiteElo "2451"]
[BlackElo "2578"]
[Annotator "ChessBase"]
[PlyCount "108"]
[EventDate "2021.09.18"]
[EventType "team-tourn"]
[EventCountry "MKD"]
[SourceTitle "playchess.com"]
[Source "ChessBase"]
[SourceQuality "1"]
[TimeControl "40/5400+30:1800+30"]

1. d4 Nf6 2. c4 e6 3. Nc3 Bb4 4. e3 O-O 5. Nge2 Re8 6. a3 Bf8 7. Ng3 d5 8. Be2 dxc4 9. O-O Nc6 10. Bxc4 e5 11. d5 Ne7 12. b4 Nf5 13. Nge4 Nxe4 14. Nxe4 Nd6 15. Nxd6 Bxd6 16. e4 f5 17. exf5 Bxf5 18. Qh5 Qd7 19. Be3 Rf8 20. Qe2 Rf6 21. Bc5 Raf8 22. Qe3 Qf7 23. f3 Qg6 24. Rf2 b6 25. Bxd6 cxd6 26. Rc1 h5 27. Be2 Be4 28. Rd1 h4 29. Rff1 Bf5 30. Kh1 Qf7 31. Rc1 h3 32. Rg1 hxg2+ 33. Rxg2 Rg6 34. Rg5 Rxg5 35. Qxg5 Bd3 36. Qe3 Bxe2 37. Qxe2 Qxd5 38. Kg2 Rf4 39. Rd1 Qe6 40. Qd3 Rd4 41. Qc2 Rh4 42. Kg1 d5 43. Qd3 d4 44. Rd2 Rf4 45.
Re2 Qh3 46. Qc4+ Kh7 47. Qd3+ g6 48. Rg2 Qf5 49. Qxf5 gxf5 50. Rg3 e4 51. fxe4 fxe4 52. Rg5 d3 53. Rd5 e3 54. Rxd3 e2 0-1

[Event "36th European Club Cup 2021"]
[Site "Struga"]
[Date "2021.09.19"]
[Round "2.56"]
[White "Delchev, Aleksander"]
[Black "Ahlander, Bjorn"]
[Result "1-0"]
[ECO "E11"]
[WhiteElo "2500"]
[BlackElo "2383"]
[Annotator "ChessBase"]
[PlyCount "141"]
[EventDate "2021.09.18"]
[EventType "team-tourn"]
[EventCountry "MKD"]
[SourceTitle "playchess.com"]
[Source "ChessBase"]
[SourceQuality "1"]
[TimeControl "40/5400+30:1800+30"]

1. d4 Nf6 2. c4 e6 3. Nf3 Bb4+ 4. Bd2 a5 5. g3 d6 6. Bg2 Nbd7 7. O-O e5 8. e3 Bxd2 9. Nfxd2 O-O 10. Nc3 c6 11. a3 exd4 12. exd4 Nb6 13. c5 dxc5 14. dxc5 Nbd5 15. Nxd5 cxd5 16. b4 Bg4 17. Nf3 Re8 18. Qd2 Qd7 19. Nd4 Bh3 20. f3 Bxg2 21. Kxg2 h6 22. Rae1 axb4 23. axb4 Nh7 24. Rxe8+ Rxe8 25. Re1 Ng5 26. Rxe8+ Qxe8 27. h4 Ne6 28. Nf5 h5 29. Nd6 Qe7 30. Kf2 d4 31. Qd3 g5 32. Qe4 Qf6 33. Qf5 Qe7 34. Qe4 Qf6 35.
hxg5 Qxg5 36. f4 Qg4 37. f5 Qxe4 38. Nxe4 Nc7 39. Ke2 Nd5 40. Kd3 Nxb4+ 41. Kxd4 Kg7 42. Ke5 Nc6+ 43. Kf4 f6 44. Nd6 Na5 45. Ke4 Kf8 46. Kd5 Ke7 47. Nc8+ Kd7 48. Nb6+ Ke7 49. Nc8+ Kd7 50. Nd6 Ke7 51. Kd4 Kd7 52. Ne4 Ke7 53. Kc3 Kf7 54. Kb4 Nc6+ 55. Kb5 Nd4+ 56. Kb6 Kg7 57. Kxb7 Nxf5 58. c6 Ne7 59. c7 Kf7 60. Nc5 f5 61. Nd3 Ke6 62. Nf4+ Kd7 63. Nxh5 Kd6 64. c8=Q Nxc8 65. Kxc8 Ke6 66. Kd8 Kf7 67. Kd7 Kg6 68. Nf4+ Kg5 69. Ke6 Kg4 70. Ne2 Kg5 71. Ke5 1-0

[Event "36th European Club Cup 2021"]
[Site "Struga"]
[Date "2021.09.19"]
[Round "2.57"]
[White "Dragicevic, Drazen"]
[Black "Vaisser, Anatoly"]
[Result "1/2-1/2"]
[ECO "A10"]
[WhiteElo "2344"]
[BlackElo "2494"]
[Annotator "ChessBase"]
[PlyCount "63"]
[EventDate "2021.09.18"]
[EventType "team-tourn"]
[EventCountry "MKD"]
[SourceTitle "playchess.com"]
[Source "ChessBase"]
[SourceQuality "1"]
[TimeControl "40/5400+30:1800+30"]

1. c4 f5 2. g3 Nf6 3. Bg2 g6 4. Nc3 Bg7 5. d3 d6 6. e4 fxe4 7. dxe4 O-O 8.
Nge2 c5 9. e5 dxe5 10. Qxd8 Rxd8 11. Be3 Nc6 12. Bxc5 e4 13. Nxe4 Nxe4 14. Bxe4 Bxb2 15. Rb1 Bf6 16. h4 Ne5 17. Nf4 Bg4 18. Bd5+ e6 19. Bxb7 Nf3+ 20. Bxf3 Bxf3 21. O-O Rdc8 22. Be3 Rxc4 23. Nxe6 Ra4 24. Ng5 Bxg5 25. Bxg5 Rxa2 26. Rb3 Bd5 27. Rc3 Rf8 28. Bh6 Re8 29. Rd1 Ra5 30. Rc7 Bf3 31. Rdc1 Rae5 32. Be3 1/2-1/2

[Event "36th European Club Cup 2021"]
[Site "Struga"]
[Date "2021.09.19"]
[Round "2.58"]
[White "Olivier, Pierre"]
[Black "Jogstad, Martin"]
[Result "1/2-1/2"]
[ECO "D45"]
[WhiteElo "2215"]
[BlackElo "2341"]
[Annotator "ChessBase"]
[PlyCount "179"]
[EventDate "2021.09.18"]
[EventType "team-tourn"]
[EventCountry "MKD"]
[SourceTitle "playchess.com"]
[Source "ChessBase"]
[SourceQuality "1"]
[TimeControl "40/5400+30:1800+30"]

1. Nf3 e6 2. c4 d5 3. e3 Nf6 4. Nc3 c6 5. b3 Bd6 6. d4 O-O 7. Be2 Nbd7 8. O-O b6 9. Bb2 Bb7 10. Qc2 Qe7 11. Rad1 Rfd8 12. Rfe1 Rac8 13. e4 dxe4 14. Nxe4 Nxe4 15. Qxe4 Bb4 16. Rf1 Nf6 17. Qh4 Ba3 18. Ba1 c5 19. dxc5 Bxc5 20. Ne5 Ne4 21. Qxe7 Bxe7 22. Rxd8+ Rxd8 23. Rd1 Rxd1+ 24. Bxd1 f6 25. Nd3 Kf7 26. Kf1 e5 27. Bb2 Bd6 28. h3 Ke6 29. Bc2 h5 30. Nc1 g5 31. Ne2 h4 32. Nc3 Nxc3 33. Bxc3 e4 34. Bd1 Be5 35. Bd2 Bd4 36. Bc1 Bc6 37. Bd2 Be5 38. Bc1 Bf4 39. Bb2 f5 40. Be2 Be5 41. Bc1 Kf6 42. Bd2 Bd4 43. Bc1 Bd7 44. Bd1 Bc3 45. Be2 Be8 46. Bd1 Bg6 47. Kg1 f4 48. Kf1 Ke5 49. Ba3 Ke6 50.
Bg4+ Bf5 51. Bxf5+ Kxf5 52. f3 e3 53. Ke2 Ke6 54. Kd3 Bf6 55.
c5 b5 56. Bb4 Kd5 57. c6 Kxc6 58. Bf8 Bd8 59. Bb4 a6 60. Bf8 Kd7 61. Bg7 Be7 62. Bc3 Ke6 63. Ba5 Kd5 64. Bb6 Kc6 65. Bd4 a5 66. Bc3 Bd8 67. Bd4 a4 68. Bc3 Kc5 69. bxa4 bxa4 70. Be1 Be7 71. Bc3 Kb5 72. Bd4 Kb4 73. Bb2 Bd8 74. Ke2 Kc4 75. Bg7 Be7 76. Bh8 Bc5 77. Bf6 Kb4 78. Bb2 Kc4 79. Bf6 Bd4 80. Bxg5 Kc3 81. Bxf4 Kb2 82. g3 hxg3 83. Bxg3 Kxa2 84. Bd6 Kb3 85. h4 Kc4 86. h5 Kd5 87. Bb4 Ke6 88. Kd3 Bb2 89. Kxe3 a3 90. Bxa3 1/2-1/2

[Event "36th European Club Cup 2021"]
[Site "Struga"]
[Date "2021.09.19"]
[Round "2.59"]
[White "Storme, Isak"]
[Black "Kirszenberg, Marc"]
[Result "1-0"]
[ECO "D93"]
[WhiteElo "2304"]
[BlackElo "2139"]
[Annotator "NA"]
[PlyCount "63"]
[EventDate "2021.09.18"]
[EventType "team-tourn"]
[EventCountry "MKD"]
[SourceTitle "playchess.com"]
[Source "ChessBase"]
[SourceQuality "1"]
[TimeControl "40/5400+30:1800+30"]

1. d4 d5 2. Bf4 Nf6 3. e3 g6 4. c4 c6 5. Nc3 Bg7 6. h3 O-O 7. Nf3 a6 8. Be2 b5 9. cxd5 cxd5 10. Rc1 Nc6 11. Ne5 Bb7 12. Nd3 Nd7 13.
a4 bxa4 14. O-O e5 15. dxe5 Ncxe5 16. Nxe5 Nxe5 17. Nxa4 Qe7 18.
Qb3 Rfd8 19. Rfd1 Rab8 20. Qa2 Rbc8 21. Rxc8 Rxc8 22. Nc3 Nc4 23. Nxd5 Bxd5 24. Rxd5 Nxb2 25. Qxa6 Rc1+ 26. Kh2 h5 27. Qa8+ Kh7 28. Bxh5 gxh5 29. Rxh5+ Kg6 30. Qg8 f6 31. Rh6+ Kf5 32. Qd5+ 1-0

[Event "36th European Club Cup 2021"]
[Site "Struga"]
[Date "2021.09.19"]
[Round "2.60"]
[White "Moingt, Jean-Claude"]
[Black "Nord, Alexander"]
[Result "1/2-1/2"]
[ECO "B51"]
[WhiteElo "2125"]
[BlackElo "2144"]
[Annotator "NA"]
[PlyCount "166"]
[EventDate "2021.09.18"]
[EventType "team-tourn"]
[EventCountry "MKD"]
[SourceTitle "playchess.com"]
[Source "ChessBase"]
[SourceQuality "1"]
[TimeControl "40/5400+30:1800+30"]

1. e4 c5 2. Nf3 d6 3. Bb5+ Nd7 4. Ba4 Ngf6 5. O-O g6 6. Re1 Bg7 7. c3 O-O 8. d4 e5 9. dxe5 dxe5 10. Nbd2 Qe7 11. Nc4 Rd8 12. Nd6 Nb6 13. Nxc8 Raxc8 14. Qc2 h6 15. Bb5 c4 16. Be3 Nfd7 17. Bxd7 Rxd7 18. Red1 Rcd8 19. Ne1 Kh7 20. Qe2 Na4 21. Rxd7 Qxd7 22. Qxc4 Nxb2 23. Qb3 Nd1 24. Nc2 Qd3 25. Bxa7 Qe2 26. h4 Rd2 27. Qxf7 Rxc2 28. Rb1 Nb2 29. Bc5 Qc4 30. Qxc4 Nxc4 31. Rxb7 Kg8 32. Rb8+ Kf7 33. Rb7+ Kf6 34. Be7+ Ke6 35. Bb4 Bf6 36. Rh7 Bxh4 37. Rxh6 Bxf2+ 38. Kh2 Kf6 39. a4 Ra2 40. Rh3 Be1 41. Rf3+ Ke6 42. Kh3 Rxa4 43. Kg4 Bd2 44. Rf8 Ne3+ 45. Kg5 Nc2+ 46. Kxg6 Nxb4 47. cxb4 Bxb4 48. Rf6+ Kd7 49. Kf5 Bd6 50. Rg6 Ra2 51. Rg7+ Kc6 52. Ke6 Re2 53. Rg4 Bc7 54. g3 Re3 55. Kf5 Rf3+ 56. Ke6 Re3 57. Kf5 Bd6 58. Rg8 Re1 59. Rg6 Kc5 60. Rg8 Kc6 61. Rg6 Rd1 62. Rg8 Rd3 63. Rg6 Kc5 64. Rg8 Bc7 65. Rc8 Kc6 66. Rg8 Kc5 67. Rc8 Rd7 68. g4 Kd6 69. Rf8 Rg7 70. g5 Ke7 71. Ra8 Kf7 72. Ra7 Ke8 73.
g6 Rd7 74. Ke6 Rd6+ 75. Kxe5 Rxg6+ 76. Rxc7 Ra6 77. Kf5 Rb6 78. e5 Ra6 79. Rh7 Rb6 80. e6 Rb1 81. Rh8+ Ke7 82. Rh7+ Ke8 83. Rh8+ Ke7 1/2-1/2

[Event "36th European Club Cup 2021"]
[Site "Struga"]
[Date "2021.09.20"]
[Round "3.11"]
[White "Gotovusa, Goran"]
[Black "Sakaev, Konstantin"]
[Result "0-1"]
[ECO "A48"]
[WhiteElo "2161"]
[BlackElo "2595"]
[Annotator "ChessBase"]
[PlyCount "108"]
[EventDate "2021.09.18"]
[EventType "team-tourn"]
[EventCountry "MKD"]
[SourceTitle "playchess.com"]
[Source "ChessBase"]
[SourceQuality "1"]
[TimeControl "40/5400+30:1800+30"]

1. d4 Nf6 2. e3 g6 3. Nf3 Bg7 4. Be2 c5 5. O-O O-O 6. c3 Qc7 7. Nbd2 d5 8.
Ne5 Nbd7 9. f4 b6 10. Bd3 Bb7 11. Qf3 Ne8 12. g4 Nxe5 13. dxe5 f6 14. e6 f5 15. gxf5 gxf5 16. Qh3 Nd6 17. Nf3 Rf6 18. Kf2 Rh6 19. Nh4 Qc8 20.
Rg1 Qxe6 21. Qg2 Qf7 22. Nf3 Kh8 23. Ng5 Qh5 24. h3 Bf6 25.
Be2 Qe8 26. Bf3 Ne4+ 27. Ke1 e6 28. h4 Qe7 29. Bd2 Rxh4 30.
Bxe4 dxe4 31. Rd1 Rg4 32. Qh2 Rxg1+ 33. Qxg1 Rg8 34. c4 Bxb2 35. Kf2 Bf6 36. Qh2 Bc6 37. Rh1 Rg7 38. Qh6 Be8 39. Rg1 Bg6 40. a4 Rg8 41. Ke2 Qg7 42. Qh4 Qd7 43. Qh6 Bb2 44. Rd1 Qg7 45. Qh4 Bf6 46. Rg1 h5 47. Qe1 Qd7 48. Kf2 Qd3 49. Qe2 Qxe2+ 50. Kxe2 Be8 51. a5 b5 52. Rb1 b4 53. Nxe6 Rg2+ 54. Kd1 Ba4+ 0-1

[Event "36th European Club Cup 2021"]
[Site "Struga"]
[Date "2021.09.20"]
[Round "3.12"]
[White "Goganov, Aleksey"]
[Black "Damceski, Marjan"]
[Result "1-0"]
[ECO "D06"]
[WhiteElo "2559"]
[BlackElo "2057"]
[Annotator "ChessBase"]
[PlyCount "43"]
[EventDate "2021.09.18"]
[EventType "team-tourn"]
[EventCountry "MKD"]
[SourceTitle "playchess.com"]
[Source "ChessBase"]
[SourceQuality "1"]
[TimeControl "40/5400+30:1800+30"]

1. d4 Nf6 2. c4 d5 3. cxd5 Nxd5 4. e4 Nb6 5. Nc3 e6 6. Be3 N8d7 7. Nf3 Nf6 8. h3 Be7 9. Bd3 Bd7 10. O-O Rc8 11. Qe2 O-O 12. Rfd1 c6 13.
Rac1 Be8 14. Bb1 Nbd7 15. Qd3 g6 16. Bh6 Qb6 17. Qe2 Nh5 18.
d5 cxd5 19. Nxd5 exd5 20. Rxc8 Ng3 21. Qe3 Bc5 22. Rxc5 1-0

[Event "36th European Club Cup 2021"]
[Site "Struga"]
[Date "2021.09.20"]
[Round "3.24"]
[White "Sychev, Klementy"]
[Black "Danielsen, Henrik"]
[Result "1-0"]
[ECO "C41"]
[WhiteElo "2556"]
[BlackElo "2521"]
[Annotator "ChessBase"]
[PlyCount "55"]
[EventDate "2021.09.18"]
[EventType "team-tourn"]
[EventCountry "MKD"]
[SourceTitle "playchess.com"]
[Source "ChessBase"]
[SourceQuality "1"]
[TimeControl "40/5400+30:1800+30"]

1. e4 d6 2. d4 Nf6 3. Nc3 e5 4. Nf3 Nbd7 5. Rg1 c6 6. g4 g6 7. g5 Nh5 8. Be3 Qc7 9. Qd2 Be7 10. d5 O-O 11. Be2 Nb6 12. O-O-O Qd7 13. h4 cxd5 14. exd5 Qh3 15. Rh1 Qf5 16. Nh2 Qd7 17. Ng4 Kh8 18.
Rhg1 Qe8 19. f4 Bxg4 20. Rxg4 Nxf4 21. Bxf4 exf4 22. Rxf4 Nd7 23. Bb5 f5 24. Ne2 a6 25. Bxd7 Qxd7 26. Nd4 Rf7 27. Ne6 Bf8 28. h5 1-0